 Dungeon Crawl Stone Soup version 0.19-a0-1007-g133f65f (webtiles) character file.

8905 pisswolf the Carver (level 11, -13/89 HPs)
             Began as a Demonspawn Gladiator on July 20, 2016.
             Was a Priest of Qazlal.
             Mangled by a molten gargoyle
             ... wielding a +0 mace
              (14 damage)
             ... on level 8 of the Dungeon.
             The game lasted 00:24:19 (12596 turns).

pisswolf the Carver (Demonspawn Gladiator)         Turns: 12596, Time: 00:24:20

Health: -13/89     AC: 17    Str: 16    XL:     11   Next: 16%
Magic:  0/17       EV:  7    Int: 14    God:    Qazlal [***...]
Gold:   507        SH:  9    Dex: 17    Spells: 0 memorised, 10 levels left

rFire  . . .     SeeInvis .     a - +1 long sword
rCold  . . .     Gourm    .     c - +0 chain mail
rNeg   . . .     Faith    +     I - +1 buckler {AC+3}
rPois  .         Spirit   +     F - +1 hat
rElec  .         Dismiss  .     r - +0 cloak
rCorr  .         Reflect  .     (no gloves)
SustAt .         Harm     .     (no boots)
MR     .....                    A - amulet of faith
Stlth  ..........               B - +5 ring of intelligence
                                j - +4 ring of protection

@: about to teleport, not resistant to hostile enchantments, extremely
unstealthy
A: antennae 2, hooves 1, powered by death 1, magic shield, magic regeneration,
magic link
a: Upheaval, Elemental Force, Renounce Religion


You were on level 8 of the Dungeon.
You worshipped Qazlal.
Qazlal was most pleased with you.
You were not hungry.

You visited 3 branches of the dungeon, and saw 11 of its levels.
You also visited: Sewer.

You collected 507 gold pieces.

Inventory:

Hand Weapons
 a - a +1 long sword (weapon)
Missiles
 d - 2 throwing nets (quivered)
Armour
 c - a +0 chain mail (worn)
 r - a +0 cloak (worn)
 F - a +1 hat (worn)
 I - a +1 buckler of protection (worn)
Jewellery
 j - a +4 ring of protection (left hand)
 w - a +4 amulet of reflection
 A - an amulet of faith (around neck)
 B - a +5 ring of intelligence (right hand)
 K - an uncursed amulet of regeneration
 L - a +5 amulet of reflection
Wands
 o - a wand of paralysis (9/24)
 p - a wand of polymorph (24/24)
 q - a wand of disintegration (17/24)
 t - a wand of slowing (22/48)
 C - a wand of disintegration (14/24)
 G - a wand of flame (27/48)
 H - a wand of teleportation (5/9)
Scrolls
 h - 2 scrolls of enchant weapon
 i - 4 scrolls of remove curse
 s - 2 scrolls of recharging
 v - 2 scrolls of fog
 y - 2 scrolls of amnesia
Potions
 g - 3 potions of brilliance
 m - a potion of cancellation
 n - 3 potions of flight
 z - 2 potions of agility
 D - a potion of curing
 J - a potion of invisibility {unknown}
Comestibles
 f - 3 bread rations
 k - 4 fruits
 l - 8 meat rations
 u - 2 slices of pizza
 x - 5 chunks of flesh


   Skills:
 - Level 9.1 Fighting
 + Level 13.1 Long Blades
 - Level 1.7 Throwing
 - Level 2.6 Dodging
 + Level 2.2 Shields
 + Level 9.0 Invocations


You had 10 spell levels left.
You didn't know any spells.

Dungeon Overview and Level Annotations

Branches:
Dungeon (9/15)             Temple (1/1) D:7            Lair (1/6) D:8
    Orc: D:9-12

Altars:
Ashenzari
Cheibriados
Dithmenos
Elyvilon
Fedhas
Gozag
Hepliaklqana
Kikubaaqudgha
Makhleb
Nemelex Xobeh
Okawaru
Pakellas
Qazlal
Ru
Sif Muna
Trog
Uskayaw
Vehumet
Xom
Yredelemnul
Zin
The Shining One


Innate Abilities, Weirdness & Mutations

You have a pair of antennae on your head.
You regenerate a little health from kills.
When hurt, damage is shared between your health and your magic reserves.
You regenerate magic rapidly.
When low on magic, you restore magic in place of health.
You have large cloven feet.


Message History

Unknown command.
You hit the molten gargoyle.
The molten gargoyle is lightly damaged.
You block the sheep's attack.
The molten gargoyle blasts magma at you!
The bolt of magma hits you!
* * * LOW HITPOINT WARNING * * *
You barely miss the molten gargoyle.
The molten gargoyle is lightly damaged.
You hit the sheep.
The sheep is lightly wounded.
You block the sheep's attack.
The molten gargoyle blasts magma at you!
The bolt of magma hits you!
* * * LOW HITPOINT WARNING * * *
You hit the sheep. You kick the sheep, but do no damage.
The sheep is moderately wounded.
The sheep bites you but does no damage.
The molten gargoyle hits you with a mace!
You die...

...###########.#
#.. ...# #.# #..
...# #.# #..
...# #.# #..
...# #.## #..
...# #..# #..
...# ##.# #..
...# #9## #..
#### #Y@# ###
####


You could see a molten gargoyle and a sheep.

Vanquished Creatures
  Gastronok (D:9)
  Erolcha (D:9)
  Psyche (D:9)
  Grinder (D:4)
  Sigmund (D:3)
  A wyvern (D:8)
  4 fire bats (Lair:1)
  7 yaks (D:9)
  Eustachio (D:4)
  2 hungry ghosts (D:8)
  A black bear (D:9)
  An orc warrior (D:7)
  A sky beast (D:7)
  2 phantoms (D:5)
  3 ogres
  5 wolves
  A crocodile (D:8)
  4 big kobolds
  5 giant frogs
  A gnoll sergeant (D:5)
  4 scorpions
  2 electric eels (D:9)
  5 howler monkeys
  2 crimson imps
  3 jellies
  4 hounds
  2 giant frog zombies (D:6)
  5 orc priests
  A centaur skeleton (D:8)
  Jessica (D:3)
  2 iguanas
  6 worker ants
  4 orc wizards
  A worker ant zombie (D:7)
  Robin (D:2)
  A river rat (D:3)
  11 adders
  8 gnolls
  2 shadow imps
  2 oozes
  2 adder zombies (D:7)
  An adder skeleton (D:5)
  2 worms
  A dart slug (D:2)
  2 giant geckos
  33 orcs
  4 ball pythons
  12 bats
  9 giant cockroaches
  14 goblins
  7 hobgoblins
  30 kobolds
  3 quokkas
  6 giant newts
  10 rats
247 creatures vanquished.

Vanquished Creatures (others)
  A goblin (D:2)
  3 plants (D:9)
4 creatures vanquished.

Grand Total: 251 creatures vanquished

Notes
Turn   | Place    | Note
-------+----------+-------------------------------------------
     0 | D:1      | pisswolf the Demonspawn Gladiator began the quest for the Orb.
     0 | D:1      | Reached XP level 1. HP: 16/16 MP: 1/1
    22 | D:1      | Reached skill level 3 in Long Blades
   154 | D:1      | Gained mutation: When hurt, damage is shared between your health and your magic reserves. [demonic ancestry]
   154 | D:1      | Reached XP level 2. HP: 10/22 MP: 2/2
  1328 | D:2      | Gained mutation: You regenerate a little health from kills. [demonic ancestry]
  1328 | D:2      | Reached XP level 3. HP: 27/27 MP: 3/3
  1343 | D:2      | Noticed Robin
  1363 | D:2      | Reached skill level 4 in Long Blades
  1427 | D:2      | Killed Robin
  1770 | D:2      | Gained mutation: You regenerate magic rapidly. [demonic ancestry]
  1770 | D:2      | Reached XP level 4. HP: 33/33 MP: 4/4
  2122 | D:3      | Noticed Jessica
  2129 | D:3      | Killed Jessica
  2151 | D:3      | Reached skill level 5 in Long Blades
  2151 | D:3      | Gained mutation: You have a pair of small antennae on your head. [demonic ancestry]
  2151 | D:3      | Reached XP level 5. HP: 28/38 MP: 3/5
  2253 | D:3      | Found a glowing drain.
  2266 | Sewer    | Entered a sewer
  2635 | Sewer    | Reached skill level 6 in Long Blades
  2724 | Sewer    | Reached XP level 6. HP: 23/44 MP: 4/6
  3021 | D:3      | Noticed Sigmund
  3026 | D:3      | Found an opulent altar of Gozag.
  3041 | D:3      | Reached skill level 10 in Long Blades
  3041 | D:3      | Reached XP level 7. HP: 23/64 MP: 3/7
  3045 | D:3      | Gained mutation: Scrolls take you a little longer to read. [potion of mutation]
  3045 | D:3      | Gained mutation: You have large cloven feet. [potion of mutation]
  3045 | D:3      | Gained mutation: You are robust. (+10% HP) [potion of mutation]
  3049 | D:3      | Killed Sigmund
  3465 | D:3      | Found a glowing silver altar of Zin.
  3466 | D:3      | Found a sacrificial altar of Ru.
  3968 | D:4      | Noticed Grinder
  3970 | D:4      | Paralysed by Grinder for 7 turns
  3999 | D:4      | Found a radiant altar of Vehumet.
  4001 | D:4      | Killed Grinder
  4218 | D:4      | Reached XP level 8. HP: 75/78 MP: 6/8
  4422 | D:4      | Noticed Eustachio
  4460 | D:4      | Killed Eustachio
  4944 | D:5      | Entered Level 5 of the Dungeon
  4964 | D:4      | Reached skill level 11 in Long Blades
  5456 | D:5      | Found a glowing golden altar of the Shining One.
  5459 | D:5      | Found a hide-covered altar of Uskayaw.
  5462 | D:5      | Found a sparkling altar of Nemelex Xobeh.
  5617 | D:5      | Lost mutation: Scrolls take you a little longer to read. [potion of cure mutation]
  5617 | D:5      | Lost mutation: You are robust. (+10% HP) [potion of cure mutation]
  6232 | D:6      | Gained mutation: You have a pair of antennae on your head. [demonic ancestry]
  6232 | D:6      | Reached XP level 9. HP: 76/76 MP: 9/9
  6536 | D:6      | Found an ancient bone altar of Kikubaaqudgha.
  7414 | D:7      | Found a staircase to the Ecumenical Temple.
  7424 | Temple   | Entered the Ecumenical Temple
  7898 | Temple   | Became a worshipper of Qazlal Stormbringer
  8177 | D:7      | Reached skill level 1 in Invocations
  8722 | D:7      | Found a shadowy altar of Dithmenos.
  9186 | D:7      | Reached skill level 12 in Long Blades
  9309 | D:8      | Reached * piety under Qazlal
 10300 | D:8      | Found a staircase to the Lair.
 10521 | D:9      | Found a hazy altar of Hepliaklqana.
 10635 | D:9      | Reached skill level 5 in Invocations
 10635 | D:9      | Reached XP level 10. HP: 70/83 MP: 11/13
 10702 | D:9      | Noticed Gastronok
 10720 | D:9      | Killed Gastronok
 10720 | D:9      | Reached ** piety under Qazlal
 10722 | D:9      | Noticed Psyche
 11013 | D:9      | Found a snail-covered altar of Cheibriados.
 11208 | D:9      | Found a stormy altar of Qazlal.
 11232 | D:9      | Noticed Erolcha
 11260 | D:9      | Killed Erolcha
 11536 | D:9      | Killed Psyche
 11793 | D:9      | Reached skill level 13 in Long Blades
 11793 | D:9      | Reached skill level 1 in Shields
 12102 | D:8      | Gained mutation: When low on magic, you restore magic in place of health. [demonic ancestry]
 12102 | D:8      | Reached XP level 11. HP: 88/89 MP: 17/17
 12174 | Lair:1   | Entered Level 1 of the Lair of Beasts
 12214 | D:8      | Reached *** piety under Qazlal
 12595 | D:8      | HP: 1/89 [molten gargoyle/bolt of magma (10)]
 12596 | D:8      | Mangled by a molten gargoyle

Vault maps used:
D:1:      lemuel_arrival_cross
D:2:      uniq_robin
D:3:      gammafunk_temple_overflow_pools, overflow_temple_1_default,
          portal_sewer_entry_a, first_bread, uniq_jessica, uniq_sigmund
D:4:      old_standard_altar, grunt_decor_fettered, uniq_grinder, uniq_eustachio
D:5:      nicolae_overflow_hidden_temple
D:6:      basic_altar
D:7:      lemuel_round_altar
D:8:      lair_0_dummy
D:9:      overflow_temple_1_default, nicolae_overflow_crystal_walls,
          basic_altar, serial_bayou, serial_bayou_pond_b, serial_bayou_shore_b,
          serial_bayou_ford_a, serial_bayou_pond_b, uniq_gastronok, uniq_psyche,
          uniq_erolcha
Temple:   minmay_temple_forest_path
Lair:1:   st_stairs_12, minmay_stone_trees_medium
Sewer:    kennysheep_pipe_town

Skill      XL: |  1  2  3  4  5  6  7  8  9 10 11 |
---------------+----------------------------------+-----
Long Blades    | 3 4 5 6 10 11 12 13 | 13.1
Fighting       | 9 |  9.1
Invocations    | 5 8 9 |  9.0
Shields        | 1 2 |  2.2
Throwing       | |  1.7
Dodging        | |  2.6

Action                   |  1- 3 |  4- 6 |  7- 9 | 10-12 || total
-------------------------+-------+-------+-------+-------++-------
Melee: Long sword        |   133 |   210 |   633 |   272 ||  1248
       Unarmed           |     2 |       |       |       ||     2
       Kick              |       |       |   191 |   105 ||   296
Throw: Throwing net      |       |       |     3 |     1 ||     4
Evoke: Wand              |       |       |       |     1 ||     1
  Use: Scroll            |       |     7 |     6 |     2 ||    15
       Potion            |       |     1 |    13 |     7 ||    21
 Stab: Invisible         |       |       |       |     2 ||     2
  Eat: Chunk             |     3 |     4 |    10 |     2 ||    19
       Bread ration      |       |       |     4 |     1 ||     5
       Beef jerky        |       |       |     2 |       ||     2
       Pizza             |       |       |     1 |       ||     1
       Meat ration       |       |       |       |     1 ||     1
Armor: Ring mail         |    45 |    86 |     4 |       ||   135
       Leather armour    |     1 |       |       |       ||     1
       Chain mail        |       |       |   270 |   133 ||   403
Dodge: Dodged            |    74 |   111 |   144 |    63 ||   392
Block: Other             |       |       |    36 |     4 ||    40
       Reflection        |       |       |     1 |       ||     1
       Buckler           |       |       |       |    57 ||    57
